 Dungeon Crawl Stone Soup version 0.29-a0-330-g52719c12eb (webtiles) character file.

Game seed: 14416610703983591932

8274 kae the Covert (level 11, -15/56 HPs)
             Began as a Spriggan Enchanter on Apr 23, 2022.
             Was a Believer of Dithmenos.
             Demolished by a two-headed ogre
             ... wielding a +0 giant spiked club
              (26 damage)
             ... on level 10 of the Dungeon.
             The game lasted 00:12:26 (13103 turns).

kae the Covert (Spriggan Enchanter)                Turns: 13103, Time: 00:12:27

Health: -15/56     AC:  7    Str:  7    XL:     11   Next: 7%
Magic:  29/33      EV: 24    Int: 20    God:    Dithmenos [**....]
Gold:   630        SH:  5    Dex: 19    Spells: 15/27 levels left

rFire   + . .      SeeInvis +   q - +3 dagger (venom)
rCold   . . .      Faith    .   (no shield)
rNeg    . . .      Spirit   .   J - +1 steam dragon scales
rPois   .          Reflect  +   (helmet restricted)
rElec   .          Harm     .   h - +0 cloak
rCorr   .          Rampage  .   (gloves unavailable)
Will    +....                   (boots unavailable)
Stlth   ++++++....              y - amulet "Cuczuen" {Reflect rF+ Str+3 Dex+2 SH+5}
HPRegen 0.18/turn               e - ring of flight
MPRegen 0.23/turn               I - ring of magical power

@: flying, wreathed by umbra, very quick
A: very small, no large weapons, unfitting armour, see invisible, speed 3
a: Renounce Religion, Shadow Step


You were on level 10 of the Dungeon.
You worshipped Dithmenos.
Dithmenos was pleased with you.
You visited 2 branches of the dungeon, and saw 11 of its levels.
You also visited: Sewer.

You collected 630 gold pieces.

Inventory:

Hand Weapons
 a - a +1 dagger of flaming
 j - a +0 short sword
 p - a +2 dagger of electrocution
 q - a +3 dagger of venom (weapon)
 r - a +1 dagger of speed
Missiles
 f - 3 throwing nets (quivered)
Armour
 h - a +0 cloak (worn)
 J - +1 steam dragon scales (worn)
 L - +0 acid dragon scales
Jewellery
 e - a ring of flight (left hand)
 u - an amulet of faith
 y - the amulet "Cuczuen" (around neck) {Reflect rF+ Str+3 Dex+2 SH+5}
   (You found it on level 5 of the Dungeon)

   [amulet of reflection]

   It reflects blocked missile attacks.
   Str:       It affects your strength (+3).
   Dex:       It affects your dexterity (+2).
   rF:        It protects you from fire.
   SH:        It affects your SH (+5).
 B - a ring of protection from fire
 F - a ring of protection from cold
 I - a ring of magical power (right hand)
Wands
 d - a wand of iceblast (5)
 H - a wand of mindburst (24)
Scrolls
 b - a scroll of identify
 g - 2 scrolls of immolation
 i - 3 scrolls of fog
 t - 2 scrolls of teleportation
 x - a scroll of brand weapon
 D - a scroll of enchant weapon
 E - a scroll of blinking
 K - a scroll of enchant armour
Potions
 c - 2 potions of invisibility
 k - 2 potions of cancellation
 l - 2 potions of attraction
 m - 6 potions of curing
 n - 4 potions of mutation
 o - 7 potions of lignification
 s - 2 potions of might
 v - a potion of degeneration
 w - 2 potions of flight
 z - 2 potions of heal wounds
 A - a potion of berserk rage {unknown}
 C - a potion of magic {unknown}
 G - a potion of brilliance {unknown}


   Skills:
 + Level 5.4 Fighting
 + Level 7.3 Short Blades
 + Level 9.3 Dodging
 + Level 11.4 Stealth
 + Level 8.6 Spellcasting
 + Level 8.7 Hexes
 - Level 4.0 Ice Magic


You had 15 spell levels left.
You knew the following spells:

 Your Spells              Type           Power      Damage    Failure   Level
a - Ensorcelled Hibernat  Hex/Ice        68%        N/A       1%          2
b - Confusing Touch       Hex            43%        N/A       1%          3
c - Tukima's Dance        Hex            43%        N/A       1%          3
d - Dazzling Flash        Conj/Hex       52%        N/A       4%          3
e - Slow                  Hex            100%       N/A       1%          1

Your spell library contained the following spells:

 Spells                   Type           Power      Damage    Failure   Level
 Animate Skeleton         Necr           16%        N/A       9%          1
 Pain                     Necr           32%        1d5       9%          1
 Vampiric Draining        Necr           8%         2d6       24%         3


Dungeon Overview and Level Annotations

Branches:
Dungeon (10/15)            Temple (1/1) D:7            Lair (0/6) D:8
  Sewer (visited)
    Orc: D:9-12

Altars:
Ashenzari
Cheibriados
Dithmenos
Elyvilon
Fedhas
Gozag
Hepliaklqana
Kikubaaqudgha
Makhleb
Nemelex Xobeh
Okawaru
Qazlal
Ru
Sif Muna
Trog
Uskayaw
Vehumet
Wu Jian
Xom
Yredelemnul
Zin
The Shining One

Shops:
D:5 (   D:7 [

Annotations:
D:3 Grinder


Innate Abilities, Weirdness & Mutations

You are very small and have problems with some larger weapons.
You are too small for most types of armour.
You have supernaturally acute eyesight. (SInv)
You cover ground extremely quickly. (Speed+++)


Message History

You are too injured to fight recklessly!
You are too injured to fight recklessly!
You strike the helpless gargoyle from behind!
You impale the gargoyle!!
The gargoyle is almost destroyed.
You hit the gargoyle but do no damage.
The gargoyle is almost destroyed.
The shadow misses you. The gargoyle completely misses you.
You hit the gargoyle but do no damage.
The gargoyle is almost destroyed.
The shadow hits you. The gargoyle completely misses you.
The gargoyle hits itself with a +0 morningstar!
The gargoyle is destroyed!
Dithmenos accepts your kill.
You feel your dexterity returning.
Casting: Confusing Touch (safe; 1% risk of failure)
Confirm with . or Enter, or press ? or * to list all spells.
Your hands begin to glow red.
The shadow completely misses you.
The shadow slips into darkness.
The shadow flickers and vanishes for a moment.
You hit the shadow but do no damage. You hit the shadow but do no damage.
The shadow hits you.
You hit the shadow but do no damage.
The shadow appears confused.
You hit the shadow but do no damage. The two-headed ogre barely misses you.
The two-headed ogre closely misses you.
You catch the helpless shadow completely off-guard!
You impale the shadow!!
You destroy the shadow!
Dithmenos accepts your kill.
There is a stone staircase leading up here.
Casting: Confusing Touch (safe; 1% risk of failure)
Confirm with . or Enter, or press ? or * to list all spells.
Aiming: Ensorcelled Hibernation (safe; 1% risk of failure)
Press: ? - help, Shift-Dir - straight line, f - two-headed ogre
Aim: a two-headed ogre, wielding two +0 giant spiked clubs (umbra, chance to affect: 45%)
The two-headed ogre resists with some effort.
The two-headed ogre hits you with a +0 giant spiked club!!
* * * LOW HITPOINT WARNING * * *
The two-headed ogre hits you with a +0 giant spiked club!!
You die...

..# #.(# #..#
#..# ####..#
##@##..##
##O#.#...#
##.###.#..# #)##
##..†#
##.###.##.#
##.#.###[#
########.## #.#
#....†...# #..
#.####.#.######.


You could see a two-headed ogre.

Vanquished Creatures
  Pikel (D:7)
  A gargoyle (D:10)
  A komodo dragon (D:8)
  Sigmund (D:3)
  2 shadows (D:10)
  14 yaks
  2 wyverns
  A steam dragon (D:8)
  2 wargs (D:8)
  An acid dragon (D:10)
  A water moccasin (D:9)
  4 orc warriors
  2 sky beasts (D:5)
  An ice beast (D:4)
  2 ogres
  2 centaurs (D:9)
  2 phantoms
  9 kobold brigands
  A gnoll sergeant (D:8)
  3 bullfrogs
  A necrophage (D:6)
  3 scorpions
  4 killer bees (D:9)
  2 howler monkeys
  6 hounds
  5 jellies
  5 orc priests
  2 gnoll shamans
  5 iguanas
  12 orc wizards
  Robin (D:3)
  14 gnolls
  13 adders
  4 river rats
  A shadow imp (D:6)
  An ufetubus (D:5)
  4 worms
  A dart slug (D:1)
  35 orcs
  11 ball pythons
  4 bats
  12 endoplasms
  5 giant cockroaches
  8 hobgoblins
  3 quokkas
  13 goblins
  19 kobolds
  12 rats
259 creatures vanquished.

Vanquished Creatures (others)
  A plant (D:8)
1 creature vanquished.

Grand Total: 260 creatures vanquished

Notes
Turn   | Place    | Note
-------+----------+-------------------------------------------
     0 | D:1      | kae the Spriggan Enchanter began the quest for the Orb.
     0 | D:1      | Reached XP level 1. HP: 9/9 MP: 5/5
   149 | D:1      | Reached XP level 2. HP: 13/13 MP: 6/6
   152 | D:1      | Learned a level 2 spell: Ensorcelled Hibernation
  1265 | D:2      | Reached XP level 3. HP: 5/17 MP: 5/8
  1585 | D:2      | Reached skill level 5 in Stealth
  1897 | D:2      | Reached skill level 1 in Fighting
  1897 | D:2      | Reached XP level 4. HP: 22/22 MP: 6/9
  1987 | D:2      | Found a bloodstained altar of Trog.
  2136 | D:2      | Identified the +2 leather armour of Patterns {Harm rPois
                  | rF- rCorr}
  2331 | D:3      | Noticed Robin
  2871 | D:3      | Killed Robin
  2958 | D:3      | Noticed Grinder
  3240 | D:3      | You are sucked into a shaft and drop 2 floors!
  3240 | D:5      | Entered Level 5 of the Dungeon
  3240 | D:5      | Noticed an ogre
  3252 | D:5      | Noticed a sky beast
  3269 | D:4      | Reached XP level 5. HP: 14/25 MP: 8/11
  3826 | D:3      | Learned a level 3 spell: Confusing Touch
  3830 | D:3      | Learned a level 3 spell: Tukima's Dance
  3834 | D:3      | Learned a level 3 spell: Dazzling Flash
  3920 | D:3      | Noticed Sigmund
  3928 | D:3      | Killed Sigmund
  3929 | D:3      | Reached skill level 6 in Stealth
  3929 | D:3      | Reached XP level 6. HP: 30/30 MP: 9/12
  5047 | D:4      | Noticed an ice beast
  5049 | D:4      | Killed an ice beast
  5050 | D:4      | Reached skill level 5 in Hexes
  5050 | D:4      | Reached XP level 7. HP: 35/35 MP: 14/14
  5100 | D:4      | Reached skill level 5 in Dodging
  5203 | D:4      | Reached skill level 7 in Stealth
  5805 | D:5      | Reached skill level 1 in Ice Magic
  6002 | D:5      | Reached skill level 5 in Spellcasting
  6002 | D:5      | Reached XP level 8. HP: 30/39 MP: 7/16
  6293 | D:5      | Found a hide-covered altar of Uskayaw.
  6299 | D:5      | Reached skill level 8 in Stealth
  6476 | D:5      | Identified the amulet "Cuczuen" {Reflect rF+ Str+3 Dex+2
                  | SH+5}
  6538 | D:5      | Found Kuumm's Weapon Boutique.
  6881 | D:6      | Reached XP level 9. HP: 44/44 MP: 14/18
  6916 | D:6      | Reached skill level 5 in Short Blades
  7055 | D:6      | Reached skill level 9 in Stealth
  7124 | D:6      | Found a glowing drain.
  7137 | Sewer    | Entered a sewer
  8725 | D:6      | Learned a level 1 spell: Slow
  8760 | D:7      | Found Veir's Antique Armour Shoppe.
  8878 | D:7      | Noticed Pikel
  8882 | D:7      | Killed Pikel
  9379 | D:7      | Reached XP level 10. HP: 41/51 MP: 18/21
  9480 | D:7      | Found a staircase to the Ecumenical Temple.
  9493 | Temple   | Entered the Ecumenical Temple
  9594 | Temple   | Became a worshipper of Dithmenos the Shadowed
 10030 | D:7      | Reached skill level 10 in Stealth
 10500 | D:8      | Found an ornate altar of the Wu Jian Council.
 10502 | D:8      | Found a burning altar of Makhleb.
 10503 | D:8      | Found a hazy altar of Hepliaklqana.
 10503 | D:8      | Found a snail-covered altar of Cheibriados.
 10504 | D:8      | Found a white marble altar of Elyvilon.
 10504 | D:8      | Found a glowing golden altar of the Shining One.
 10505 | D:8      | Found a stormy altar of Qazlal.
 10505 | D:8      | Found a shimmering blue altar of Sif Muna.
 10506 | D:8      | Found an opulent altar of Gozag.
 10507 | D:8      | Found an ancient bone altar of Kikubaaqudgha.
 10507 | D:8      | Found a bloodstained altar of Trog.
 10685 | D:8      | Reached * piety under Dithmenos
 10784 | D:8      | Found a staircase to the Lair.
 10824 | D:8      | HP: 1/51 [kobold brigand/+0 dagger (6)]
 11203 | D:8      | Reached skill level 5 in Fighting
 11954 | D:9      | Reached skill level 11 in Stealth
 12737 | D:9      | Reached ** piety under Dithmenos
 12817 | D:10     | Entered Level 10 of the Dungeon
 12913 | D:10     | Reached XP level 11. HP: 34/56 MP: 24/24
 13045 | D:10     | Noticed a two-headed ogre
 13103 | D:10     | Demolished by a two-headed ogre

Illustrated notes

Levels and vault maps discovered:
D:1:      scummos_arrival_hexagon, layout_basic, hex_tiny,
          minmay_misc_feat_diagonals, minmay_misc_feat_nine_boxes
D:2:      layout_loops_corners, basic_altar, minmay_fractal_squares_gapless_5
D:3:      layout_loops_ring, uniq_sigmund, uniq_robin, uniq_grinder
D:4:      layout_loops_cross
D:5:      layout_rooms, mainiacjoe_overflow_24_doors, serial_shops,
          kennysheep_mini_moat
D:6:      layout_rooms, portal_sewer_entry_b, grunt_ministairs_10,
          grunt_decor_cap, minmay_misc_feat_columns, minivault_26,
          chequers_serial_rivers_micro_d, roderic_roman_lattice
D:7:      layout_basic, minmay_temple_entry_antechambers, serial_shops,
          nicolae_diamond_shop, st_stairs_14, chequers_arboretum, uniq_pikel
D:8:      layout_basic, nicolae_overflows_in_rows, erik_lair_orcish_takeover
D:9:      layout_grid_maze
D:10:     layout_loops_ring, erik_orc_3,
          ploomutoo_gammafunk_ghost_potion_laboratory, st_stairs_5,
          hangedman_decor_riveting
Temple:   compressed_dpeg_circular_temple

Skill      XL: |  1  2  3  4  5  6  7  8  9 10 |
---------------+-------------------------------+-----
Dodging        | 3 4 5 6 7 9 |  9.3
Spellcasting   | 3 4 5 7 8 |  8.6
Stealth        | 5 6 7 8 9 11 | 11.4
Hexes          | 4 5 6 7 8 |  8.7
Fighting       | 1 2 3 4 5 |  5.4
Short Blades   | 2 3 4 6 7 |  7.3
Ice Magic      | 1 3 4 |  4.0

Action                   |  1- 3 |  4- 6 |  7- 9 | 10-12 || total
-------------------------+-------+-------+-------+-------++-------
Melee: Dagger            |    70 |    95 |   271 |   205 ||   641
       Punch             |       |       |     2 |     2 ||     4
 Cast: Ensorcelled Hiber |     8 |    40 |    67 |    42 ||   157
       Confusing Touch   |       |       |     4 |     6 ||    10
  Use: Scroll            |       |     6 |     7 |     5 ||    18
       Potion            |       |       |       |     5 ||     5
 Stab: Sleeping          |    19 |    28 |    70 |    38 ||   155
       Confused          |       |       |     3 |     4 ||     7
       Distracted        |       |       |     3 |       ||     3
Armor: Robe              |     4 |    10 |    20 |     2 ||    36
       Steam dragon scal |       |       |       |     8 ||     8
Dodge: Dodged            |    53 |    99 |   172 |   120 ||   444
Block: Other             |       |       |       |    19 ||    19

Table legend: (Time is in decaauts)
 A = Elapsed time spent in this place.
 B = Non-inter-level travel time spent in this place.
 C = Inter-level travel time spent in this place.
 D = Time resting spent in this place.
 E = Time spent auto-exploring this place.
 F = Levels seen in this place.
 G = Mean time per level.
                   A        B        C        D        E       F      G
               +--------+--------+--------+--------+--------+-----+--------+
         Total |  10029 |   9711 |    318 |   2301 |   5658 |  12 |  835.8 |
       Dungeon |   9152 |   8856 |    296 |   2201 |   5065 |  10 |  915.2 |
        Temple |     84 |     63 |     21 |      0 |     56 |   1 |   84.0 |
         Sewer |    791 |    791 |      0 |    100 |    536 |   1 |  791.0 |
               +--------+--------+--------+--------+--------+-----+--------+

Top non-repeatable levels by time:
     D:2: 1616 daAuts
     D:3: 1408 daAuts
     D:4: 989 daAuts
     D:8: 985 daAuts
     D:7: 971 daAuts
     D:9: 882 daAuts
     D:5: 829 daAuts
   Sewer: 791 daAuts
     D:6: 671 daAuts
     D:1: 545 daAuts
    D:10: 251 daAuts
  Temple: 84 daAuts
